 Dungeon Crawl Stone Soup version 0.26-a0-1181-gd376ed14c5 (webtiles) character file.

Game seed: 15967915011469333194

115885 jasper the Bludgeoner (level 16, -4/150 HPs)
             Began as a Palentonga Fighter on Dec 21, 2020.
             Was the Champion of the Shining One.
             Slain by an alligator snapping turtle (27 damage)
             ... on level 1 of the Shoals on Dec 25, 2020.
             The game lasted 00:49:28 (37685 turns).

jasper the Bludgeoner (Palentonga Fighter)         Turns: 37685, Time: 00:49:28

Health: -4/150     AC: 35    Str: 25    XL:     16   Next: 19%
Magic:  22/22      EV:  6    Int: 12    God:    the Shining One [******]
Gold:   1356       SH: 12    Dex:  6    Spells: 15/15 levels left

rFire    . . .     SeeInvis +   q - +1 morningstar (protect)
rCold    + . .     Faith    +   c - +0 kite shield
rNeg     + + +     Spirit   .   B - +4 chain mail
rPois    .         Reflect  .   n - +1 helmet
rElec    +         Harm     .   (no cloak)
rCorr    .         Rampage  .   J - +1 pair of gloves
Will     ++...                  (no barding)
Stlth    ..........             M - amulet of faith
HPRegen  0.35/turn              K - ring of Saux Roe {Dex-4 Slay+2} (curse)
MPRegen  0.18/turn              I - ring "Ufeotew" {rElec rC+ Will+ Int+2}

@: mighty, protection aura, glowing, curled up, very slow
A: large, rugged brown scales 3, see invisible, deformed body, low mp 1, shaggy
fur 1, roll 1, armoured tail, reflexive curl
a: Rolling Charge, Renounce Religion, Divine Shield, Cleansing Flame, Summon
Divine Warrior, Brand Weapon With Holy Wrath


You were on level 1 of the Shoals.
You worshipped the Shining One.
The Shining One was exalted by your worship.
You visited 4 branches of the dungeon, and saw 24 of its levels.
You also visited: Ice Cave.

You collected 2686 gold pieces.
You spent 1330 gold pieces at shops.

Inventory:

Hand Weapons
 q - a +1 morningstar of protection (weapon)
Missiles
 e - a throwing net
 f - 730 stones
 t - 128 poisoned darts
 x - 38 boomerangs (quivered)
Armour
 c - a +0 kite shield (worn)
 n - a +1 helmet (worn)
 B - a +4 chain mail (worn)
 J - a +1 pair of gloves (worn)
Jewellery
 l - a +4 ring of protection
 o - an uncursed ring of ice
 I - the ring "Ufeotew" (right hand) {rElec rC+ Will+ Int+2}
   (You found it on level 8 of the Dungeon)

   [ring of protection from cold]

   It affects your intelligence (+2).
   It protects you from cold.
   It insulates you from electricity.
   It affects your willpower, your defense against some magical effects.
 K - the cursed ring of Saux Roe (left hand) {Dex-4 Slay+2}
   (You found it on level 6 of the Lair of Beasts)

   [ring of dexterity]

   It affects your dexterity (-4).
   It affects your accuracy and damage with ranged weapons and melee attacks
   (+2).
   It has a curse placed upon it.
 M - an amulet of faith (around neck)
 N - an uncursed ring of protection from fire
 T - an uncursed ring of protection from fire
 V - an uncursed ring of stealth
 Z - an uncursed amulet of reflection
Wands
 i - a wand of acid (2)
 w - a wand of flame (13)
 z - a wand of polymorph (11)
 C - a wand of paralysis (8)
 D - a wand of digging (21)
 O - a wand of disintegration (27)
 U - a wand of iceblast (15)
Scrolls
 d - 3 scrolls of immolation
 j - 3 scrolls of summoning
 p - 8 scrolls of remove curse
 r - a scroll of fear
 v - 3 scrolls of enchant armour
 y - a scroll of blinking
 A - 12 scrolls of teleportation
 G - 2 scrolls of holy word
 H - 2 scrolls of magic mapping
 S - 2 scrolls of fog
 Y - 3 scrolls of amnesia
Potions
 a - a potion of cancellation
 g - 3 potions of brilliance
 h - a potion of heal wounds
 k - 2 potions of haste
 m - 2 potions of resistance
 s - a potion of mutation
 u - 2 potions of ambrosia
 F - 4 potions of curing
 L - 3 potions of flight
 Q - 2 potions of lignification
 R - 3 potions of might
Miscellaneous
 b - a phial of floods
 E - a tin of tremorstones (inert)
 P - a lightning rod (4/4)
 W - a box of beasts


   Skills:
 * Level 12.9 Fighting
 - Level 16.0 Maces & Flails
 + Level 11.1 Armour
 + Level 10.3 Shields
 + Level 11.8 Invocations
 + Level 5.6 Evocations


You had 15 spell levels left.
You didn't know any spells.
Your spell library contained the following spells:

 Spells                   Type           Power        Failure   Level
 Apportation              Tloc           0%           83%         1
 Corona                   Hex            0%           83%         1
 Foxfire                  Conj/Fire      0%           83%         1
 Slow                     Hex            0%           93%         2
 Conjure Flame            Conj/Fire      0%           99%         3
 Inner Flame              Hex/Fire       0%           99%         3
 Lesser Beckoning         Tloc           0%           99%         3
 Portal Projectile        Hex/Tloc       0%           99%         3
 Tukima's Dance           Hex            0%           99%         3
 Cause Fear               Hex            0%           100%        4
 Ice Form                 Ice/Tmut       0%           100%        4
 Leda's Liquefaction      Hex/Erth       0%           100%        4
 Sticky Flame             Conj/Fire      0%           100%        4
 Alistair's Intoxication  Tmut/Pois      0%           100%        5
 Fireball                 Conj/Fire      0%           100%        5
 Metabolic Englaciation   Hex/Ice        0%           100%        5
 Freezing Cloud           Conj/Ice/Air   0%           100%        6
 Invisibility             Hex            0%           100%        6
 Ozocubu's Refrigeration  Ice            0%           100%        6
 Simulacrum               Ice/Necr       0%           100%        6


Dungeon Overview and Level Annotations

Branches:
Dungeon (15/15)            Temple (0/1) D:7            Lair (6/6) D:10
 Shoals (1/4) Lair:2        Snake (0/4) Lair:2        Slime (0/5) Lair:5
    Orc (2/2) D:10            Elf (0/3) Orc:2        Vaults (0/5) D:13
 Depths (0/5) D:15          IceCv (visited)

Altars:
Ashenzari
Elyvilon
Gozag
Kikubaaqudgha
Makhleb
Nemelex Xobeh
Ru
Sif Muna
Trog
Uskayaw
Vehumet
Wu Jian
Xom
Yredelemnul
The Shining One
Jiyva

Shops:
D:5 (   D:7 *   D:15 :   Orc:2 }**(

Portals:
Hell: Lair:6

Annotations:
D:13 3 runed translucent doors
D:14 2 transporters, ZappyNine's ghost, journeyman MiFi


Innate Abilities, Weirdness & Mutations

You are completely covered in rugged brown scales. (AC +3, +7% HP)
You have supernaturally acute eyesight. (SInv)
Armour fits poorly on your strangely shaped body.
You can roll at nearby foes to attack.
You have a long armoured tail.
You curl defensively after being hit.
Your magical capacity is low. (-10% MP)
You are covered in fur. (AC +1)


Message History

The merfolk hits you but does no damage.
The water nymph touches you. The water nymph drowns you!
You take 9 damage, and have 56/150 hp.
You impale the alligator snapping turtle!!
The alligator snapping turtle is almost dead.
A water nymph comes into view.
The alligator snapping turtle bites you!!
* * * LOW HITPOINT WARNING * * *
You take 34 damage, and have 22/150 hp.
MASSIVE DAMAGE!!
You hit the alligator snapping turtle but do no damage.
You tail-slap the alligator snapping turtle.
The alligator snapping turtle is almost dead.
The water nymph gestures at you while chanting.
The water swirls and strikes you!!
* * * LOW HITPOINT WARNING * * *
The merfolk barely misses you.
You take 20 damage, and have 2/150 hp.
You feel much better.
The alligator snapping turtle bites you!!
You die...

≈≈≈≈≈≈≈≈.>
..≈m≈≈≈≈.
..≈≈.≈≈≈.
.≈≈..≈...
.≈≈≈≈≈≈.#
.≈≈≈≈≈≈.#
..≈≈≈≈≈t#
..≈≈≈≈≈@##
.≈≈≈≈≈mm≈#
≈≈≈≈≈≈P≈≈.#
≈≈.≈≈≈≈P≈.#
≈≈≈≈≈≈≈≈≈..
≈≈≈≈≈≈≈≈≈P..
..≈P≈≈P≈≈≈≈≈.
.≈≈≈≈≈≈≈≈≈≈PPP


≈≈≈≈P≈P≈PPPPPP You could see an alligator snapping turtle, a merfolk and 2 water
nymphs.

Vanquished Creatures
  Jorgrun (D:14)
  A frost giant (IceCv)
  2 stone giants (Orc:1)
  An ironheart preserver (D:13)
  A yaktaur captain (D:15)
  Josephine (D:12)
  A great orb of eyes (D:7)
  6 boulder beetles
  Erolcha (Orc:1)
  13 hydras
  2 catoblepae
  3 centaur warriors
  4 two-headed ogres
  2 tengu warriors (D:15)
  A death knight (D:11)
  5 death yaks
  A sixfirhy (Lair:6)
  4 skeletal warriors
  An unseen horror (D:14)
  A wizard (Lair:6)
  A phantasmal warrior (D:11)
  Pikel (D:4)
  2 orc knights
  A wolf spider zombie (D:15)
  9 ugly things
  2 deep elf magi (D:13)
  4 manticores
  3 orc sorcerers
  7 cyclopes
  A guardian serpent (shapeshifter) (D:13)
  4 elephants
  3 orange demons (Lair:6)
  4 black mambas
  A gargoyle (D:14)
  An ice statue (IceCv)
  16 cane toads
  A torpor snail (Lair:5)
  3 kobold demonologists
  8 rime drakes
  7 komodo dragons
  An efreet (D:14)
  2 yaktaurs (D:15)
  2 ice devils (Lair:6)
  2 freezing wraiths (D:11)
  5 trolls
  A hellwing (Lair:6)
  A wind drake (shapeshifter) (D:11)
  3 hornets
  25 blink frogs
  6 dream sheep (Lair:5)
  14 polar bears (IceCv)
  A vampire (D:11)
  5 wyverns
  5 wraiths (D:12)
  95 yaks
  4 basilisks
  3 steam dragons (D:9)
  5 vampire mosquitoes
  A harpy simulacrum (D:15)
  15 wargs
  A soldier ant (D:14)
  An acid dragon (shapeshifter) (D:14)
  18 water moccasins
  5 hell hounds (Lair:6)
  6 black bears
  5 ice beasts
  A hornet zombie (D:13)
  54 orc warriors
  7 phantoms
  5 sky beasts
  8 ogres
  5 boggarts (D:14)
  2 necrophages
  31 wolves
  3 lemures
  19 centaurs
  17 bullfrogs
  4 big kobolds
  A gnoll sergeant (D:6)
  2 water moccasin zombies
  A water moccasin skeleton (D:8)
  A scorpion (D:5)
  21 wights
  2 electric eels (Lair:4)
  7 bullfrog zombies
  A quasit (D:10)
  3 hounds
  7 centaur zombies
  21 orc priests
  5 jellies
  3 bullfrog skeletons
  3 centaur skeletons
  20 orc wizards
  6 iguanas
  12 worker ants
  A killer bee zombie (D:5)
  2 hound zombies
  2 hound skeletons
  A worker ant zombie (D:7)
  17 adders
  5 gnolls (D:6)
  A howler monkey skeleton (D:10)
  2 shadow imps
  13 white imps
  3 ufetubi
  3 oozes
  3 adder zombies (D:5)
  3 adder skeletons (D:5)
  3 worms
  4 dart slugs
  9 leopard geckos
  145 orcs
  4 ball pythons
  6 giant cockroaches
  7 goblins
  5 hobgoblins
  8 jackals
  3 quokkas
  11 bats
  2 frilled lizards
  A giant cockroach zombie (D:5)
  A jackal skeleton (D:5)
  26 kobolds
  A leopard gecko skeleton (D:6)
  A leopard gecko zombie (D:5)
  2 quokka skeletons (D:5)
  2 quokka zombies (D:5)
  12 rats
  3 rat zombies (D:7)
947 creatures vanquished.

Vanquished Creatures (collateral kills)
  An orc knight (Orc:2)
1 creature vanquished.

Vanquished Creatures (others)
  A wolf (IceCv)
  2 orcs
  29 fungi
  67 plants
99 creatures vanquished.

Grand Total: 1047 creatures vanquished

Notes
Turn   | Place    | Note
-------+----------+-------------------------------------------
     0 | D:1      | jasper the Palentonga Fighter began the quest for the Orb.
     0 | D:1      | Reached XP level 1. HP: 20/20 MP: 1/1
   122 | D:1      | Upgraded the game from 0.26-a0-1139-g7d2dc893a1 to
                  | 0.26-a0-1181-gd376ed14c5
   454 | D:1      | Reached XP level 2. HP: 27/27 MP: 2/2
   467 | D:1      | Reached skill level 3 in Maces & Flails
   723 | D:1      | Reached XP level 3. HP: 33/33 MP: 3/3
  1369 | D:2      | Reached skill level 4 in Maces & Flails
  1369 | D:2      | Reached XP level 4. HP: 20/39 MP: 4/4
  1759 | D:2      | Reached skill level 5 in Maces & Flails
  2371 | D:3      | Reached XP level 5. HP: 42/48 MP: 5/5
  3595 | D:4      | Reached skill level 6 in Maces & Flails
  3630 | D:4      | Noticed an ogre
  3637 | D:4      | Killed an ogre
  3638 | D:4      | Reached XP level 6. HP: 54/54 MP: 6/6
  3745 | D:4      | Found a shimmering blue altar of Sif Muna.
  3867 | D:4      | Reached skill level 7 in Maces & Flails
  4496 | D:5      | Entered Level 5 of the Dungeon
  4597 | D:5      | Found a glowing golden altar of the Shining One.
  4599 | D:5      | Noticed an ice beast
  4628 | D:5      | Killed an ice beast
  4629 | D:5      | Gained mutation: You curl defensively after being hit.
                  | [Palentonga growth]
  4629 | D:5      | Reached XP level 7. HP: 45/60 MP: 7/7
  4745 | D:5      | Reached skill level 8 in Maces & Flails
  4881 | D:5      | Noticed Pikel
  4891 | D:5      | Became a worshipper of the Shining One
  4938 | D:5      | Gained mutation: Your magical capacity is low. (-10% MP)
                  | [potion of mutation]
  4938 | D:5      | Gained mutation: You are covered in fur. (AC +1) [potion of
                  | mutation]
  5363 | D:6      | Reached skill level 9 in Maces & Flails
  5380 | D:6      | Reached * piety under the Shining One
  5443 | D:6      | Reached XP level 8. HP: 56/67 MP: 7/7
  5949 | D:4      | Killed Pikel
  5950 | D:4      | Reached skill level 11 in Maces & Flails
  6032 | D:5      | Reached skill level 1 in Invocations
  6114 | D:5      | Found a sacrificial altar of Ru.
  6144 | D:5      | Found Jusirogoam's Weapon Shop.
  6160 | D:5      | Reached ** piety under the Shining One
  6362 | D:5      | Found a basalt altar of Yredelemnul.
  6418 | D:5      | Found a white marble altar of Elyvilon.
  6916 | D:2      | Reached XP level 9. HP: 63/75 MP: 9/9
  7642 | D:7      | Found a staircase to the Ecumenical Temple.
  7863 | D:7      | Reached skill level 5 in Fighting
  7998 | D:7      | Noticed an orc sorcerer
  8224 | D:7      | Noticed an ice devil
  8229 | D:7      | Killed an orc sorcerer
  8365 | D:7      | Reached skill level 5 in Invocations
  8599 | D:7      | Reached XP level 10. HP: 88/88 MP: 12/12
  8615 | D:7      | Found an opulent altar of Gozag.
  8616 | D:7      | Found Gozag's Platinum Reserve.
  8752 | D:7      | Found an ancient bone altar of Kikubaaqudgha.
  8783 | D:7      | Reached *** piety under the Shining One
  8855 | D:7      | Reached skill level 5 in Shields
  9848 | D:7      | Noticed a great orb of eyes
  9851 | D:7      | Paralysed by a great orb of eyes for 7 turns
  9869 | D:7      | Paralysed by a great orb of eyes for 5 turns
  9874 | D:7      | Killed a great orb of eyes
 10523 | D:8      | Noticed a two-headed ogre
 10540 | D:7      | Killed a two-headed ogre
 10732 | D:8      | Reached skill level 5 in Armour
 10834 | D:8      | Reached XP level 11. HP: 59/98 MP: 14/14
 11013 | D:8      | Found a shimmering altar of Xom.
 11017 | D:8      | Got a brightly glowing silver ring
 11032 | D:8      | Identified the ring "Ufeotew" {rElec rC+ Will+ Int+2} (You
                  | found it on level 8 of the Dungeon)
 11035 | D:8      | Noticed a two-headed ogre
 11060 | D:8      | Killed a two-headed ogre
 11271 | D:8      | Reached **** piety under the Shining One
 12186 | D:9      | You fall into a shaft and drop 2 floors!
 12199 | D:11     | Noticed a two-headed ogre
 12237 | D:11     | Killed a two-headed ogre
 12263 | D:11     | Noticed a six-headed hydra
 12273 | D:11     | Killed a six-headed hydra
 12348 | D:11     | Paralysed by a hornet for 1 turns
 13072 | D:11     | Noticed a phantasmal warrior
 13074 | D:11     | Noticed a death knight
 13079 | D:11     | Killed a phantasmal warrior
 13106 | D:11     | Killed a death knight
 13469 | D:11     | Reached XP level 12. HP: 85/111 MP: 17/17
 13939 | D:10     | Entered Level 10 of the Dungeon
 14266 | D:10     | Found a staircase to the Orcish Mines.
 14456 | D:10     | Found a staircase to the Lair.
 15574 | D:9      | Noticed a centaur warrior
 15594 | D:9      | Killed a centaur warrior
 15789 | D:9      | Found an ornate altar of the Wu Jian Council.
 15790 | D:9      | Found a broken altar of Ashenzari.
 16196 | D:9      | Found a burning altar of Makhleb.
 16196 | D:9      | Found a sparkling altar of Nemelex Xobeh.
 16198 | D:9      | Found a radiant altar of Vehumet.
 16393 | Lair:1   | Entered Level 1 of the Lair of Beasts
 16698 | Lair:1   | Reached skill level 10 in Invocations
 16742 | Lair:1   | Reached skill level 10 in Fighting
 17632 | Lair:1   | Noticed a five-headed hydra
 17645 | Lair:1   | Killed a five-headed hydra
 18199 | Lair:2   | Reached ***** piety under the Shining One
 18643 | Lair:2   | Found a staircase to the Shoals.
 18688 | Lair:2   | Noticed an eight-headed hydra
 18697 | Lair:2   | Killed an eight-headed hydra
 19132 | Lair:2   | Reached XP level 13. HP: 120/120 MP: 18/18
 19164 | Lair:2   | Found a staircase to the Snake Pit.
 20401 | Lair:3   | Reached skill level 10 in Armour
 21670 | Lair:4   | Reached skill level 12 in Maces & Flails
 22562 | Lair:5   | Found a frozen archway.
 22591 | IceCv    | Entered an ice cave
 22610 | IceCv    | Reached skill level 13 in Maces & Flails
 23096 | IceCv    | Reached skill level 14 in Maces & Flails
 23331 | IceCv    | Noticed a frost giant
 23332 | IceCv    | Found the ring of Shadows {Umbra +Inv Stlth+}
 23347 | IceCv    | Reached XP level 14. HP: 71/129 MP: 16/19
 23357 | IceCv    | Killed a frost giant
 23874 | Lair:5   | Found a staircase to the Slime Pits.
 23875 | Lair:5   | Found a viscous altar of Jiyva.
 24058 | Lair:5   | Reached skill level 15 in Maces & Flails
 24477 | Lair:6   | Entered Level 6 of the Lair of Beasts
 25936 | Lair:5   | Reached skill level 16 in Maces & Flails
 26352 | Lair:6   | Reached skill level 1 in Evocations
 27384 | Lair:6   | Found a burning altar of Makhleb.
 27385 | Lair:6   | Reached ****** piety under the Shining One
 27397 | Lair:6   | Found a gateway to Hell.
 27971 | Lair:6   | Got a warped pewter ring
 27979 | Lair:6   | Found an ornate altar of the Wu Jian Council.
 27979 | Lair:6   | Found a hide-covered altar of Uskayaw.
 28010 | Lair:6   | Identified the cursed ring of Saux Roe {Dex-4 Slay+2} (You
                  | found it on level 6 of the Lair of Beasts)
 28435 | Orc:1    | Entered Level 1 of the Orcish Mines
 28435 | Orc:1    | Noticed a stone giant
 28452 | Orc:1    | Killed a stone giant
 28453 | Orc:1    | Reached XP level 15. HP: 38/136 MP: 20/20
 28987 | Orc:2    | Entered Level 2 of the Orcish Mines
 29305 | Orc:2    | Found a staircase to the Elven Halls.
 30546 | Orc:2    | Found Moylioll's General Store.
 30546 | Orc:2    | Found Plog's Assorted Antiques.
 30548 | Orc:2    | Found Ohulut's Weapon Emporium.
 30550 | Orc:2    | Found Utyi's Gadget Boutique.
 30554 | Orc:2    | Bought a scroll of identify for 30 gold pieces
 30554 | Orc:2    | Bought a potion of heal wounds for 75 gold pieces
 30554 | Orc:2    | Bought a scroll of teleportation for 45 gold pieces
 30555 | Orc:2    | Bought a runed wooden wand for 100 gold pieces
 30562 | Orc:2    | Bought a wand of digging (6) for 300 gold pieces
 30562 | Orc:2    | Bought a wand of paralysis (8) for 150 gold pieces
 30562 | Orc:2    | Bought a wand of iceblast (8) for 180 gold pieces
 30562 | Orc:2    | Bought a lightning rod (4/4) for 450 gold pieces
 30713 | Orc:1    | Noticed Erolcha
 30728 | Orc:1    | Killed Erolcha
 32195 | D:12     | Paralysed by a hornet for 1 turns
 32350 | D:12     | Noticed Josephine
 32370 | D:12     | Killed Josephine
 32724 | D:13     | Found a gate to the Vaults.
 33116 | D:13     | Found a runed translucent gate.
 33116 | D:13     | Found a runed translucent gate.
 33117 | D:13     | Found a runed translucent gate.
 33884 | D:14     | Found a transporter.
 33891 | D:14     | Noticed ZappyNine's ghost (journeyman MiFi)
 33895 | D:14     | Found a bloodstained altar of Trog.
 33896 | D:14     | Identified the +6 executioner's axe "Gousal" {antimagic,
                  | +Blink rElec MP+9}
 33896 | D:14     | Noticed an orc warlord
 33901 | D:14     | Found a transporter.
 33901 | D:14     | Identified the cursed +0 great sword of the Tired
                  | Continents {antimagic, +Inv rPois Int+2}
 34101 | D:14     | Reached skill level 10 in Shields
 34248 | D:14     | Identified the +1 chain mail "Ziribbina" {Harm rC+ rN+++}
 35358 | D:15     | Entered Level 15 of the Dungeon
 35359 | D:15     | Noticed Jorgrun
 35382 | D:14     | Killed Jorgrun
 35383 | D:14     | Reached skill level 5 in Evocations
 35890 | D:15     | Reached XP level 16. HP: 150/150 MP: 22/22
 37161 | D:15     | Found Xeut's Book Emporium.
 37260 | D:15     | Found a staircase to the Depths.
 37669 | Shoals:1 | Entered Level 1 of the Shoals
 37684 | Shoals:1 | HP: 2/150 [water nymph/the raging water (21)]
 37685 | Shoals:1 | Slain by an alligator snapping turtle

Illustrated notes

Levels and vault maps discovered:
D:1:      dpeg_arrival_ratfight, layout_loops_ring, minmay_misc_feat_tiny
D:2:      minmay_alternating_diamond, layout_loops_ring
D:3:      kennysheep_six_static_rooms, layout_loops_corners, serial_bayou,
          serial_bayou_lake_a, serial_bayou_pond_a, serial_bayou_pond_b,
          serial_bayou_shore_b
D:4:      cheibrodos_pilgrimage, layout_loops_corners, tgw_sif
D:5:      layout_rooms, kennysheep_ying_yang, nicolae_overflow_crystal_walls,
          lemuel_crystal_altar, serial_undead, serial_undead_f, serial_undead_c,
          serial_undead_d, serial_undead_a, serial_undead_f, serial_undead_d,
          serial_shops, nicolae_shop_statue_plus, uniq_pikel
D:6:      layout_loops_ring
D:7:      lemuel_castle_with_subvaults [lemuel_castle_interior_original],
          layout_basic, nicolae_gozag_zags_fifth_avenue,
          lemuel_zombie_altar_kikubaaqudgha, minmay_temple_entry_sparse_star,
          minmay_splitting_lines
D:8:      layout_rooms, xom_teletrap_fun, st_stairs_5
D:9:      cheibrodos_steamvent, layout_basic, nicolae_overflow_hidden_temple,
          enter_bailey_8
D:10:     layout_loops_ring, david_lair_generic, orc_0_dummy, lightli_minifort
D:11:     layout_irregular_city
D:12:     layout_cross, chequers_serial_rivers_micro_d, minivault_11,
          chequers_serial_rivers_large_a, minmay_misc_feat_square,
          uniq_josephine
D:13:     layout_basic, skrybe_vaults_entry_preservation,
          ploomutoo_gammafunk_ghost_potion_laboratory
D:14:     layout_stronghold, minmay_door_square,
          gammafunk_ghost_wrathful_warriors
D:15:     grunt_enter_depths_snipers, layout_basic, minmay_strange_pillars,
          serial_shops, shop, grunt_ministairs_13, uniq_jorgrun
Lair:1:   wander_river, layout_regular_city, beast_lair_carwin_6
Lair:2:   layout_cellular_growth, shoals_dummy_entry,
          minmay_snake_entry_six_corridors
Lair:3:   layout_cave_pods
Lair:4:   layout_cellular_growth, grunt_megastairs_2, serial_bayou_shore_a
Lair:5:   layout_loops_ring, slime_altar_1, portal_ice_cave_entry_imps,
          beast_lair_carwin_3
Lair:6:   evil_forest, layout_regular_city, nzn_masters_of_martial_movement,
          grunt_megastairs_4
Shoals:1: layout_shoals, serial_shops, nicolae_shop_overgrown_old_shop,
          uniq_louise
Orc:1:    layout_diamond_mine, serial_shops, uniq_erolcha
Orc:2:    st_orc_rangers, layout_caves

Skill      XL: |  1  2  3  4  5  6  7  8  9 10 11 12 13 14 15 |
---------------+----------------------------------------------+-----
Maces & Flails | 3 4 5 6 7 9 11 14 16 | 16.0
Invocations    | 2 5 7 9 10 11 | 11.8
Shields        | 3 4 6 7 9 10 | 10.3
Fighting       | 5 7 9 10 12 | 12.9
Armour         | 3 5 6 9 10 11 | 11.1
Evocations     | 2 5 |  5.6

Action                   |  1- 3 |  4- 6 |  7- 9 | 10-12 | 13-15 | 16-18 || total
-------------------------+-------+-------+-------+-------+-------+-------++-------
Melee: Flail             |    63 |       |   458 |  1073 |   128 |       ||  1722
       Tailslap          |    10 |    30 |    61 |   175 |   298 |    23 ||   597
       Whip              |    19 |   264 |     7 |       |       |       ||   290
       Morningstar       |       |       |       |       |  1757 |   151 ||  1908
Throw: Stone             |       |     5 |       |       |       |       ||     5
       Boomerang         |       |     2 |       |    21 |    34 |     2 ||    59
Invok: Divine Shield     |       |       |       |    10 |    14 |       ||    24
       Cleansing Flame   |       |       |       |     3 |     4 |     2 ||     9
 Abil: Rolling Charge    |    15 |     7 |     4 |    18 |     1 |     1 ||    46
Evoke: Wand              |       |    12 |       |     1 |     9 |       ||    22
       Tin of tremorston |       |       |       |     2 |     7 |     1 ||    10
       Box of beasts     |       |       |       |       |     2 |       ||     2
       Phial of floods   |       |       |       |       |     1 |       ||     1
  Use: Potion            |     2 |       |     8 |     4 |     4 |     2 ||    20
       Scroll            |     5 |     5 |       |     8 |     9 |     1 ||    28
Armor: Scale mail        |    25 |   102 |   203 |       |       |       ||   330
       Chain mail        |       |       |    72 |   494 |   950 |   110 ||  1626
       Skin              |       |       |     6 |       |       |       ||     6
Dodge: Dodged            |    10 |    65 |   130 |   153 |   335 |    34 ||   727
Block: Kite shield       |    34 |    21 |    29 |   509 |  1161 |   107 ||  1861
       Buckler           |       |    27 |    74 |       |       |       ||   101

Table legend: (Time is in decaauts)
 A = Elapsed time spent in this place.
 B = Non-inter-level travel time spent in this place.
 C = Inter-level travel time spent in this place.
 D = Time resting spent in this place.
 E = Time spent auto-exploring this place.
 F = Levels seen in this place.
 G = Mean time per level.
                   A        B        C        D        E       F      G
               +--------+--------+--------+--------+--------+-----+--------+
         Total |  37081 |  35884 |   1197 |   7662 |  21847 |  25 | 1483.2 |
       Dungeon |  22800 |  21969 |    831 |   4120 |  13851 |  15 | 1520.0 |
          Lair |  10270 |   9991 |    279 |   2467 |   6025 |   6 | 1711.7 |
        Shoals |     13 |     13 |      0 |      0 |      0 |   1 |   13.0 |
  Orcish Mines |   2970 |   2883 |     87 |    625 |   1729 |   2 | 1485.0 |
      Ice Cave |   1027 |   1027 |      0 |    449 |    242 |   1 | 1027.0 |
               +--------+--------+--------+--------+--------+-----+--------+

Top non-repeatable levels by time:
     D:7: 3162 daAuts
  Lair:5: 2502 daAuts
    D:14: 2440 daAuts
  Lair:6: 2296 daAuts
   Orc:1: 1969 daAuts
     D:4: 1831 daAuts
    D:11: 1825 daAuts
    D:10: 1655 daAuts
  Lair:1: 1644 daAuts
  Lair:2: 1596 daAuts
     D:3: 1493 daAuts
     D:9: 1453 daAuts
     D:6: 1403 daAuts
     D:2: 1255 daAuts
    D:13: 1200 daAuts
